 Dungeon Crawl Stone Soup version 0.17.1-3-g152610e (console) character file.

11 Sehdowjr the Magician (level 2, 0/17 HPs)
             Began as a High Elf Wizard on Mar 17, 2016.
             Slain by a ball python (2 damage)
             ... on level 1 of the Dungeon.
             The game lasted 00:07:05 (560 turns).

Sehdowjr the Magician (High Elf Wizard)              Turns: 560, Time: 00:07:05

Health: 0/17       AC:  4    Str:  6    XL:     2   Next: 13%
Magic:  8/8        EV: 12    Int: 21    God:
Gold:   4          SH:  0    Dex: 13    Spells: 1 memorised, 8 levels left

rFire  . . .     SeeInvis .     (no weapon)
rCold  . . .     Clarity  .     a - +0 robe
rNeg   . . .     SustAt   .     (no shield)
rPois  .         Gourm    .     b - +0 hat
rElec  .         Spirit   .     (no cloak)
rCorr  .         Warding  .     (no gloves)
rMut   .         Stasis   .     (no boots)
MR     ++...                    (no amulet)
Stlth  ++........               (no ring)
                                (no ring)

@: very resistant to hostile enchantments, unstealthy
A: yellow scales 1, magic resistance 2
a: no special abilities


You were on level 1 of the Dungeon.
You were not hungry.

You visited 1 branch of the dungeon, and saw 1 of its levels.

You collected 4 gold pieces.

Inventory:

Armour
 a - a +0 robe (worn)
 b - a +0 hat (worn)
Jewellery
 e - an uncursed ring of see invisible {unknown}
Books
 c - a book of Minor Magic

   Spells                             Type                      Level
   a - Magic Dart                     Conjuration                  1
   b - Blink                          Translocation                2
   c - Call Imp                       Summoning                    2
   d - Repel Missiles                 Charms/Air                   2
   e - Slow                           Hexes                        2
   f - Conjure Flame                  Conjuration/Fire             3
   g - Mephitic Cloud                 Conjuration/Poison/Air       3
Comestibles
 d - a bread ration


   Skills:
 + Level 2.5 Dodging
 + Level 2.1 Stealth
 + Level 4.0 Spellcasting
 + Level 1.2 Conjurations
   Level 0.8 Summonings
   Level 1.1 Translocations


You had 8 spell levels left.
You knew the following spells:

 Your Spells              Type           Power        Failure   Level  Hunger
a - Magic Dart            Conj           #...         10%         1    None


Dungeon Overview and Level Annotations

Branches:
Dungeon (1/15)

Altars:


Innate Abilities, Weirdness & Mutations

You are partially covered in yellow scales (AC +2).
You are highly resistant to hostile enchantments.


Message History

The ball python constricts you.
Your attempt to break free from the ball python fails, but you feel that another attempt might succeed.
The ball python bites you but does no damage.
The ball python constricts you.
You escape the ball python's grasp.
There is an open door here.
The ball python bites you but does no damage.
The ball python grabs you. The ball python constricts you.
You escape the ball python's grasp.
You open the door. The ball python closely misses you.
The ball python misses you.
The ball python bites you but does no damage.
The ball python closely misses you.
There is an open door here.
You open the door. The ball python barely misses you.
The ball python barely misses you.
There is an open door here.
The ball python barely misses you. The ball python misses you.
The ball python bites you.
You die...

....=..# ..b...# .....#
##### ....#### #...#
....... #...###
####...... #...#.+
+.#.....>.
#...#.#######.#.......
#...S@...+....'.......
#...#.#######.#.......
#...#.'.....'.#.......
#..g###.....#'#.......
#.....#..><.#r........
#########
#...#'#.....###.......
........###...#.'.....#
#.......
........##...#.#######
#.s.....
...#.....##...+..
........


You could see a ball python.

Vanquished Creatures
  3 bats (D:1)
  A giant cockroach (D:1)
  A hobgoblin (D:1)
  A kobold (D:1)
  A ball python (D:1)
  A giant newt (D:1)
  3 rats (D:1)
11 creatures vanquished.

Notes
Turn   | Place    | Note
--------------------------------------------------------------
     0 | D:1      | Sehdowjr the High Elf Wizard began the quest for the Orb.
     0 | D:1      | Reached XP level 1. HP: 11/11 MP: 6/6
   223 | D:1      | Reached XP level 2. HP: 10/17 MP: 0/7
   399 | D:1      | Reached skill level 4 in Spellcasting
   425 | D:1      | Gained mutation: You are resistant to hostile enchantments. [potion of mutation]
   425 | D:1      | Gained mutation: You are partially covered in yellow scales (AC +2). [potion of mutation]
   425 | D:1      | Gained mutation: You are highly resistant to hostile enchantments. [potion of mutation]
   560 | D:1      | Slain by a ball python

Action                   || total
-------------------------++-------
Melee: Unarmed           ||     2
 Cast: Magic Dart        ||    33
  Use: Scroll            ||     1
       Potion            ||     1
